 Dungeon Crawl Stone Soup version 0.23-a0-29-g1be82e5 (webtiles) character file.

19439 Finnegan the Fighter (level 12, -1/116 HPs)
             Began as a Minotaur Berserker on Aug 3, 2018.
             Was a High Priest of Trog.
             Slain by an orc warrior
             ... wielding a +0 glaive
             ... summoned by an orange crystal statue
              (11 damage)
             ... while paralysed
             ... on level 1 of the Orcish Mines.
             The game lasted 01:43:57 (16033 turns).

Finnegan the Fighter (Minotaur Berserker)          Turns: 16033, Time: 01:43:58

Health: -1/116     AC: 14    Str: 21      XL:     12   Next: 36%
Magic:  6/11       EV:  2    Int:  0 (4)  God:    Trog [*****.]
Gold:   1137       SH:  0    Dex: 16      Spells: 11/11 levels left

rFire    + + .     SeeInvis .   y - +2 war axe (elec)
rCold    + . .     Gourm    .   g - +3 buckler {rC+}
rNeg     . . .     Faith    .   j - +6 scale mail
rPois    .         Spirit   .   (helmet restricted)
rElec    .         Reflect  .   h - scarf {rC+ rF+}
rCorr    .         Harm     .   (no gloves)
MR       ++...                  (no boots)
Stlth    ..........             (no amulet)
HPRegen  1.29/turn              d - ring of fire
MPRegen  0.12/turn              (no ring)

@: paralysed, very slightly contaminated, regenerating, slowed, lost
intelligence, drained
A: retaliatory headbutt, horns 2
a: Berserk, Trog's Hand, Brothers in Arms, Renounce Religion


You were on level 1 of the Orcish Mines.
You worshipped Trog.
Trog was extremely pleased with you.
You were not hungry.

You visited 4 branches of the dungeon, and saw 15 of its levels.

You collected 1137 gold pieces.

Inventory:

Hand Weapons
 y - a +2 war axe of electrocution (weapon)
Missiles
 z - 8 silver javelins
 G - 13 javelins of returning (quivered)
Armour
 g - a +3 buckler of cold resistance (worn)
 h - a scarf of resistance (worn)
 j - a +6 scale mail (worn)
 n - a +3 leather armour of fire resistance
Jewellery
 d - a ring of fire (left hand)
 p - an uncursed ring of wizardry
Wands
 A - a wand of acid (6)
 F - a wand of iceblast (6)
Scrolls
 k - 7 scrolls of teleportation
 q - 2 scrolls of immolation
 r - 2 scrolls of remove curse
 s - a scroll of amnesia {unknown}
 t - 2 scrolls of identify
 v - 2 scrolls of silence
 w - 4 scrolls of fear
 x - a scroll of holy word {unknown}
 B - 2 scrolls of blinking {unknown}
 C - a scroll of magic mapping {unknown}
 E - a scroll of enchant armour
Potions
 a - 3 potions of might
 b - 3 potions of cancellation
 e - a potion of invisibility
 f - 3 potions of haste
 i - 2 potions of resistance
 l - a potion of experience {unknown}
 m - 3 potions of heal wounds
 o - 8 potions of curing
 u - a potion of lignification
 D - 5 potions of brilliance
 H - a potion of berserk rage {unknown}
Comestibles
 c - 29 rations


   Skills:
 * Level 13.8(13.0) Fighting
 * Level 13.7(13.0) Axes
 + Level 10.1(9.4) Armour
 - Level 8.5(7.8) Dodging
 + Level 7.3(6.6) Shields


You had 11 spell levels left.
You didn't know any spells.
Your spell library was empty.

Dungeon Overview and Level Annotations

Branches:
Dungeon (11/15)            Temple (1/1) D:7            Lair (2/6) D:11
    Orc (1/2) D:11
  Swamp: Lair:2-4    Shoals: Lair:2-4     Snake: Lair:2-4    Spider: Lair:2-4

Altars:
Ashenzari
Cheibriados
Dithmenos
Elyvilon
Fedhas
Gozag
Hepliaklqana
Kikubaaqudgha
Makhleb
Nemelex Xobeh
Okawaru
Qazlal
Ru
Sif Muna
Trog
Uskayaw
Vehumet
Wu Jian
Xom
Yredelemnul
Zin
The Shining One

Shops:
D:4 %   D:7 %

Annotations:
Orc:1 1 runed door, exclusion: 4 orange crystal statues


Innate Abilities, Weirdness & Mutations

You reflexively headbutt those who attack you in melee.
You have a pair of horns on your head.


Message History

The orc warrior hits you from afar with a glaive!
* * * LOW HITPOINT WARNING * * *
The orc priest invokes the aid of Beogh against you.
Beogh smites you!
* * * LOW HITPOINT WARNING * * *
The orc sorcerer becomes larger for a moment.
The orc sorcerer hits you but does no damage.
The orc warrior hits you from afar with a glaive!
* * * LOW HITPOINT WARNING * * *
The orc throws a tomahawk.
The tomahawk hits you but does no damage.
The tomahawk dissolves into shadows!
The orc sorcerer hits you with a dagger.
* * * LOW HITPOINT WARNING * * *
The orc priest looks braver for a moment.
The orc throws a tomahawk.
The tomahawk hits you but does no damage.
The tomahawk dissolves into shadows!
The orc warrior hits you from afar with a glaive!
You die...

..##...$o..........#...#.##.##
...................##########
#..............4...#
##......$.........##
#.............3o.##
....#.##....5#3o3#
#...#.......oooo##
#........>..oo4o####
.............#o#@..##
#............o......#
...................## ###
#.#..............######.##
........#.......#####....#
#...#...##........#.....##
##..##.####...........###
#...#.###.....)#)#.###
#......###.##.#.....##


You could see an ice devil, a neqoxec, a ynoxinul, a chaos spawn, 3 orc
sorcerers, an orc warrior, 2 orc priests, 4 orcs and an ufetubus.

Vanquished Creatures
  A death knight (D:10)
  A two-headed ogre (D:11)
  An unseen horror (D:10)
  An ugly thing (D:10)
  A manticore (D:11)
  An orc sorcerer (Orc:1)
  A cyclops (D:11)
  5 spiny frogs
  A komodo dragon (Lair:1)
  A rime drake (Lair:2)
  2 freezing wraiths (D:10)
  2 trolls
  6 blink frogs (Lair:2)
  5 hippogriffs
  A spriggan (D:7)
  A wyvern (Lair:1)
  14 yaks
  4 hungry ghosts
  A wraith (D:10)
  A basilisk (Lair:1)
  4 wargs
  Menkaure (D:4)
  4 vampire mosquitoes (D:9)
  A two-headed ogre zombie (D:11)
  7 water moccasins
  3 porcupines (Lair:1)
  4 orc warriors
  3 sky beasts
  2 ice beasts
  4 phantoms
  3 centaurs (D:11)
  8 ogres
  4 crocodiles
  A big kobold (D:9)
  11 bullfrogs
  A water moccasin skeleton (D:10)
  3 scorpions (D:9)
  4 troll zombies (D:11)
  4 killer bees (D:10)
  3 wights (D:8)
  3 howler monkeys (D:11)
  5 crimson imps
  A centaur zombie (D:6)
  A quasit (D:5)
  8 orc priests
  3 hounds
  3 iron imps (D:3)
  A bullfrog zombie (D:7)
  A bullfrog skeleton (D:4)
  4 jellies
  12 orc wizards
  Jessica (D:3)
  7 iguanas
  9 worker ants
  3 ogre zombies (D:11)
  A hound zombie (D:7)
  2 hound skeletons
  3 worker ant zombies
  12 adders
  3 gnolls (D:8)
  5 shadow imps
  2 oozes
  2 adder skeletons (D:4)
  4 worms
  4 dart slugs
  12 leopard geckos
  49 orcs
  4 bats
  8 giant cockroaches
  5 hobgoblins
  6 jackals
  5 quokkas
  A ball python (D:4)
  6 frilled lizards
  8 goblins
  4 goblin skeletons (D:11)
  A goblin zombie (D:11)
  3 hobgoblin zombies (D:11)
  A jackal zombie (D:8)
  10 kobolds
  A leopard gecko skeleton (D:4)
  A leopard gecko zombie (D:6)
  6 orc skeletons (D:11)
  11 orc zombies (D:11)
  A quokka skeleton (D:8)
  3 quokka zombies
  8 rats
  2 butterflies (D:7)
  8 fungi (Lair:1)
  5 plants
395 creatures vanquished.

Notes
Turn   | Place    | Note
-------+----------+-------------------------------------------
     0 | D:1      | Finnegan the Minotaur Berserker began the quest for the Orb.
     0 | D:1      | Reached XP level 1. HP: 19/19 MP: 0/0
   198 | D:1      | Reached XP level 2. HP: 24/27 MP: 1/1
   537 | D:1      | Reached XP level 3. HP: 33/33 MP: 2/2
  1105 | D:2      | Reached ** piety under Trog
  1331 | D:2      | Found a stormy altar of Qazlal.
  1480 | D:2      | Found a glowing silver altar of Zin.
  1652 | D:2      | Reached XP level 4. HP: 36/41 MP: 3/3
  2128 | D:3      | Noticed Jessica
  2130 | D:3      | Killed Jessica
  2301 | D:3      | Reached skill level 5 in Fighting
  2301 | D:3      | Reached XP level 5. HP: 36/48 MP: 4/4
  2302 | D:3      | Reached skill level 5 in Axes
  2770 | D:3      | Found a burning altar of Makhleb.
  2800 | D:3      | Reached skill level 1 in Shields
  2815 | D:3      | Reached XP level 6. HP: 43/56 MP: 5/5
  3151 | D:4      | Reached *** piety under Trog
  3196 | D:4      | Found Jetset's Food Shoppe.
  3302 | D:4      | Found a basalt altar of Yredelemnul.
  3351 | D:4      | Found an ancient bone altar of Kikubaaqudgha.
  3351 | D:4      | Noticed Menkaure
  3374 | D:4      | Found a transporter.
  3379 | D:4      | Found a transporter.
  3424 | D:4      | Reached skill level 5 in Shields
  3433 | D:4      | Killed Menkaure
  3433 | D:4      | Reached XP level 7. HP: 28/61 MP: 6/6
  4058 | D:4      | Found a shattered altar of Ashenzari.
  4817 | D:5      | Entered Level 5 of the Dungeon
  4895 | D:5      | Reached XP level 8. HP: 60/71 MP: 7/7
  5446 | D:5      | Noticed a hippogriff
  5454 | D:5      | Killed a hippogriff
  5454 | D:5      | Reached skill level 5 in Armour
  6042 | D:6      | Reached **** piety under Trog
  6058 | D:6      | Reached skill level 5 in Dodging
  6085 | D:6      | Reached XP level 9. HP: 32/81 MP: 8/8
  6995 | D:7      | Found an ornate altar of the Wu Jian Council.
  7270 | D:7      | Found a staircase to the Ecumenical Temple.
  7383 | Temple   | Entered the Ecumenical Temple
  7552 | D:7      | Found Gohurys's Food Shoppe.
  8175 | D:8      | Found a shimmering altar of Xom.
  8292 | D:8      | Received a gift from Trog
  8494 | D:8      | Reached skill level 10 in Fighting
  8494 | D:8      | Reached XP level 10. HP: 92/93 MP: 9/9
  8704 | D:8      | Found a shadowy altar of Dithmenos.
  8801 | D:8      | Reached skill level 10 in Axes
  9367 | D:9      | Found a shimmering altar of Xom.
  9370 | D:9      | Found a sparkling altar of Nemelex Xobeh.
  9373 | D:9      | Found a white marble altar of Elyvilon.
  9561 | D:9      | Reached ***** piety under Trog
 10616 | D:10     | Entered Level 10 of the Dungeon
 10761 | D:10     | Killed an unseen horror
 11022 | D:10     | Noticed a green ugly thing
 11034 | D:10     | Killed a green ugly thing
 11097 | D:10     | Reached XP level 11. HP: 29/103 MP: 10/10
 11281 | D:10     | Received a gift from Trog
 11543 | D:10     | Noticed a death knight
 11552 | D:10     | Killed a death knight
 12045 | D:11     | Noticed a two-headed ogre
 12061 | D:11     | Killed a two-headed ogre
 12071 | D:11     | Found a staircase to the Orcish Mines.
 12289 | D:11     | Found a staircase to the Lair.
 12948 | Lair:1   | Entered Level 1 of the Lair of Beasts
 13434 | Lair:1   | Reached XP level 12. HP: 115/115 MP: 11/11
 13545 | Lair:1   | Reached ****** piety under Trog
 14493 | Lair:2   | Reached skill level 10 in Armour
 14819 | Orc:1    | Entered Level 1 of the Orcish Mines
 14865 | Orc:1    | Found a runed door.
 14891 | Orc:1    | Found the +10 large shield of Ignorance {rN+ Int-4}
 14927 | Orc:1    | Found a runed door.
 15133 | Orc:1    | Received a gift from Trog
 15988 | Orc:1    | Noticed an orc high priest
 16029 | Orc:1    | Lost intelligence.
 16033 | Orc:1    | Slain by an orc warrior

Vault maps used:
D:1:      sevenhm_arrival_forest_fort_small_6, serial_glass, glass_columns_a,
          glass_columns_a, glass_columns_b, glass_columns_a, glass_columns_a,
          glass_columns_a
D:2:      grunt_qazlal_sundering, marbit_many_paths
D:3:      demons_altar, kennysheep_jessica_study
D:4:      gammafunk_temple_of_torment, lemuel_coloured_pillars_altar,
          serial_shops, shop, serial_forest, infiniplex_forest_corner_2,
          infiniplex_forest_straight_3, infiniplex_forest_lined_room_,
          infiniplex_forest_lined_2, infiniplex_forest_lined_2,
          infiniplex_forest_lined_room_2, first_ration, grunt_decor_arrowhead
D:5:      kennysheep_generic_room_11
D:6:      minmay_joined_circles
D:7:      cheibrodos_barr_body, lemuel_round_altar,
          minmay_temple_entry_butterflies, serial_shops, shop, the_bakery
D:8:      nicolae_dithmenos_shadow_blocks, basic_altar, nicolae_zen_rock_garden,
          minmay_bent
D:9:      grunt_temple_overflow_open
D:11:     erik_lair_orcish_takeover, zombieorc2_lemuel, lab_entry_generic,
          eino_curves_02
Temple:   minmay_freezing_vapour_temple
Lair:1:   grunt_megastairs_2
Lair:2:   eino_small_chamber_without_monster, serial_bayou_shore_b,
          lemuel_fruit_tree, infiniplex_staircase_pool
Orc:1:    chequers_guarded_unrand_ignorance

Skill      XL: |  1  2  3  4  5  6  7  8  9 10 11 12 |
---------------+-------------------------------------+-----
Fighting       | 4 5 6 8 10 11 13 | 13.8
Axes           | 4 5 6 8 9 11 13 | 13.7
Armour         | 3 4 5 7 8 9 10 | 10.1
Dodging        | 3 4 5 6 7 8 |  8.5
Shields        | 3 6 7 |  7.3

Action                   |  1- 3 |  4- 6 |  7- 9 | 10-12 || total
-------------------------+-------+-------+-------+-------++-------
Melee: Hand axe          |    73 |    94 |   265 |       ||   432
       Headbutt          |    10 |    32 |    76 |   131 ||   249
       War axe           |       |       |   102 |   578 ||   680
Throw: Javelin           |       |       |       |     6 ||     6
Invok: Berserk           |       |     3 |     4 |     2 ||     9
       Trog's Hand       |       |       |       |     2 ||     2
  Use: Scroll            |     1 |     6 |    10 |    12 ||    29
       Potion            |       |     1 |       |     3 ||     4
  Eat: Chunk             |     2 |     7 |    11 |    11 ||    31
       Ration            |       |     1 |     2 |     6 ||     9
Armor: Leather armour    |    17 |       |       |       ||    17
       Ring mail         |       |     3 |       |       ||     3
       Chain mail        |       |    11 |       |       ||    11
       Scale mail        |       |       |    94 |   146 ||   240
Dodge: Dodged            |    36 |    30 |   128 |   227 ||   421
Block: Buckler           |       |    12 |   101 |   151 ||   264

Table legend:
 A = Spawn XP
 B = Non-spawn XP
 C = Spawn XP percentage of total XP
 D = Spawn monster count
 E = Non-spawn monster count
 F = Spawn count percentage of total count
 G = Total turns spent on level
                    A         B        C        D         E        F      G
               +---------+---------+-------+---------+---------+-------+---------
         Total |       0 |   27770 |   0.0 |       0 |     380 |   0.0 | 16033
               +---------+---------+-------+---------+---------+-------+---------
           D:1 |       0 |      48 |   0.0 |       0 |      23 |   0.0 |   792
           D:2 |       0 |      58 |   0.0 |       0 |      23 |   0.0 |  1129
           D:3 |       0 |     301 |   0.0 |       0 |      20 |   0.0 |  1223
           D:4 |       0 |     788 |   0.0 |       0 |      29 |   0.0 |  1673
           D:5 |       0 |     804 |   0.0 |       0 |      22 |   0.0 |  1079
           D:6 |       0 |    1562 |   0.0 |       0 |      35 |   0.0 |  1097
           D:7 |       0 |    1450 |   0.0 |       0 |      33 |   0.0 |  1147
           D:8 |       0 |     922 |   0.0 |       0 |      18 |   0.0 |  1145
           D:9 |       0 |    2507 |   0.0 |       0 |      31 |   0.0 |  1297
          D:10 |       0 |    5168 |   0.0 |       0 |      30 |   0.0 |  1330
          D:11 |       0 |    5628 |   0.0 |       0 |      73 |   0.0 |  1062
        Lair:1 |       0 |    3625 |   0.0 |       0 |      17 |   0.0 |   848
        Lair:2 |       0 |    3704 |   0.0 |       0 |      15 |   0.0 |   963
         Orc:1 |       0 |    1205 |   0.0 |       0 |      11 |   0.0 |  1214
               +---------+---------+-------+---------+---------+-------+---------
